 Dungeon Crawl Stone Soup version 0.23.2-40-g277498a001 (webtiles) character file.

Game seed: 10033619147885146422

3086 Amplified the Fighter (level 9, -1/85 HPs)
             Began as a Minotaur Assassin on Sept 3, 2019.
             Was a Believer of Wu Jian.
             Slain by a slave (8 damage)
             ... led by Pikel
             ... on level 9 of the Dungeon.
             The game lasted 00:10:10 (7819 turns).

Amplified the Fighter (Minotaur Assassin)           Turns: 7819, Time: 00:10:11

Health: -1/85      AC:  2    Str: 16    XL:     9   Next: 59%
Magic:  17/17      EV: 11    Int:  8    God:    Wu Jian [**....]
Gold:   386        SH:  0    Dex: 15    Spells: 8/8 levels left

rFire    + . .     SeeInvis .   a - +3 dagger
rCold    + . .     Gourm    .   (no shield)
rNeg     . . .     Faith    .   o - +3 ring mail {rF+}
rPois    .         Spirit   .   (helmet restricted)
rElec    .         Reflect  .   d - +0 cloak
rCorr    .         Harm     .   (no gloves)
MR       .....                  j - +2 pair of boots
Stlth    ++........             t - amulet of magic regeneration
HPRegen  0.24/turn              k - ring of protection from cold
MPRegen  0.40/turn              m - ring of magical power

@: corroded
A: retaliatory headbutt, horns 2
a: Wall Jump, Renounce Religion


You were on level 9 of the Dungeon.
You worshipped Wu Jian.
Wu Jian was pleased with you.
You were not hungry.

You visited 1 branch of the dungeon, and saw 9 of its levels.

You collected 386 gold pieces.

Inventory:

Hand Weapons
 a - a +3 dagger (weapon)
 b - a +0 blowgun
 n - a +0 dagger of flaming
 p - a +1 dagger of speed
 r - a +0 rapier
Missiles
 e - 21 poisoned needles
 f - 2 curare-tipped needles
Armour
 d - a +0 cloak (worn)
 j - a +2 pair of boots (worn)
 o - a +3 ring mail of fire resistance (worn)
Jewellery
 k - a ring of protection from cold (left hand)
 m - a ring of magical power (right hand)
 t - an amulet of magic regeneration (around neck)
Wands
 u - a wand of disintegration (11)
 w - a wand of polymorph (5)
Scrolls
 h - 5 scrolls of teleportation
 i - 2 scrolls of remove curse
 l - 3 scrolls of amnesia
 s - a scroll of identify
Potions
 q - a potion of flight
 v - a potion of haste
 x - a potion of brilliance
Comestibles
 c - 4 chunks of flesh
 g - 10 rations


   Skills:
 * Level 9.6 Fighting
 * Level 8.8 Short Blades
 - Level 2.0 Throwing
 * Level 8.6 Armour
 - Level 1.1 Dodging
 - Level 4.0 Stealth


You had 8 spell levels left.
You didn't know any spells.
Your spell library was empty.

Dungeon Overview and Level Annotations

Branches:
Dungeon (9/15)             Temple (0/1) D:5            Lair (0/6) D:8
    Orc: D:9-12

Altars:
Dithmenos
Makhleb
Nemelex Xobeh
Okawaru
Wu Jian
The Shining One

Annotations:
D:6 2 transporters, DawwaD's ghost, novice HOBe
D:8 Pikel


Innate Abilities, Weirdness & Mutations

You reflexively headbutt those who attack you in melee.
You have a pair of horns on your head.


Message History

The jelly is almost dead.
Unknown command.
Okay, then.
Okay, then.
Aiming: Wall Jump
Press: ? - help, Dir - move target cursor, p - slave You repeatedly attack the jelly from above.
You hit the jelly but do no damage.
Your hands burn!
* * * LOW HITPOINT WARNING * * *
You headbutt the jelly.
You kill the jelly!
The Council accepts your kill.
An iguana comes into view.
The iguana hisses angrily.
The iguana hisses menacingly.
Found 11 gold pieces.
Unknown command.
You see here 11 gold pieces.
The slave hits you!
You die...

....##.######
#.# <.# #.#
#{####
..####.#
#.(..#
....)..#
####.#
.###.##.$...#
#.# .# #.#
.....#
#####.# .#
... .....#
#.....#
......#.....#
#.###.#
.o.#..#.>...#
#@#...#
..>...#######
#p#.#.#
...##.#
#.#.#.# .. .#
#.....#
###.###
#.......#
...l.####
#.##


You could see a slave.

Vanquished Creatures
  Prince Ribbit (D:8)
  A hippogriff (D:8)
  5 yaks (D:8)
  A hungry ghost (D:5)
  An ice beast (D:7)
  A phantom (D:8)
  A centaur (D:5)
  A big kobold (D:8)
  3 bullfrogs
  3 scorpions
  4 wights
  3 crimson imps
  2 bullfrog zombies (D:5)
  2 hounds
  A gnoll shaman (D:6)
  2 orc priests (D:4)
  A centaur skeleton (D:5)
  A jelly (D:9)
  5 orc wizards
  2 bullfrog skeletons
  An iguana (D:9)
  4 worker ants
  A killer bee zombie (D:7)
  A hound zombie (D:5)
  10 gnolls
  2 howler monkey skeletons
  9 adders
  A shadow imp (D:6)
  An ooze (D:2)
  2 adder skeletons
  2 worms (D:2)
  3 dart slugs (D:1)
  2 leopard geckos
  15 orcs
  A ball python (D:3)
  13 bats
  5 giant cockroaches
  5 goblins
  10 hobgoblins
  10 jackals
  7 kobolds
  3 quokkas
  5 frilled lizards
  2 leopard gecko skeletons
  A quokka skeleton (D:5)
  7 rats
164 creatures vanquished.

Notes
Turn   | Place    | Note
-------+----------+-------------------------------------------
     0 | D:1      | Amplified the Minotaur Assassin began the quest for the
                  | Orb.
     0 | D:1      | Reached XP level 1. HP: 18/18 MP: 0/0
   292 | D:1      | Reached XP level 2. HP: 25/25 MP: 1/1
   389 | D:1      | Reached skill level 3 in Fighting
   787 | D:1      | Reached XP level 3. HP: 29/31 MP: 2/2
   911 | D:2      | Found an ornate altar of the Wu Jian Council.
  1505 | D:3      | Reached XP level 4. HP: 32/40 MP: 3/3
  1531 | D:3      | Found a sparkling altar of Nemelex Xobeh.
  1992 | D:2      | Found a glowing golden altar of the Shining One.
  2017 | D:2      | Became a worshipper of the Wu Jian Council
  2213 | D:3      | Reached skill level 4 in Fighting
  2480 | D:2      | Reached XP level 5. HP: 25/46 MP: 4/4
  2732 | D:3      | Reached skill level 1 in Armour
  2897 | D:4      | Found a shadowy altar of Dithmenos.
  3164 | D:4      | Reached XP level 6. HP: 27/55 MP: 5/5
  3176 | D:4      | Reached * piety under Wu Jian
  3176 | D:4      | Reached skill level 5 in Fighting
  4258 | D:5      | Entered Level 5 of the Dungeon
  4334 | D:5      | Reached skill level 5 in Short Blades
  4336 | D:5      | Reached XP level 7. HP: 37/62 MP: 6/6
  4358 | D:5      | Reached skill level 6 in Fighting
  4395 | D:5      | Found a staircase to the Ecumenical Temple.
  4987 | D:5      | Noticed a hungry ghost
  4994 | D:5      | Killed a hungry ghost
  4994 | D:5      | Reached skill level 5 in Armour
  5078 | D:5      | Found a burning altar of Makhleb.
  5275 | D:6      | Reached XP level 8. HP: 56/71 MP: 7/7
  5299 | D:6      | Reached skill level 7 in Fighting
  5304 | D:6      | Found an iron altar of Okawaru.
  5974 | D:6      | Found a transporter.
  5974 | D:6      | Noticed DawwaD's ghost (novice HOBe)
  5990 | D:6      | Found a transporter.
  6083 | D:6      | Reached ** piety under Wu Jian
  6409 | D:7      | Reached skill level 8 in Fighting
  7502 | D:8      | Noticed Prince Ribbit
  7558 | D:8      | Found a staircase to the Lair.
  7631 | D:8      | Noticed a hippogriff
  7638 | D:8      | Killed a hippogriff
  7638 | D:8      | Reached XP level 9. HP: 66/82 MP: 8/8
  7703 | D:8      | Reached skill level 9 in Fighting
  7745 | D:8      | Killed Prince Ribbit
  7767 | D:8      | Noticed Pikel
  7819 | D:9      | Slain by a slave

Skill      XL: |  1  2  3  4  5  6  7  8  9 |
---------------+----------------------------+-----
Fighting       | 3 4 5 6 8 9 |  9.6
Short Blades   | 3 4 5 6 7 8 |  8.8
Stealth        | 4 |  4.0
Armour         | 2 3 5 7 8 |  8.6
Throwing       | |  2.0
Dodging        | |  1.1

Action                   |  1- 3 |  4- 6 |  7- 9 || total
-------------------------+-------+-------+-------++-------
Melee: Dagger            |   123 |   174 |   326 ||   623
       Headbutt          |    10 |    26 |    70 ||   106
Throw: Throwing net      |       |     1 |       ||     1
Invok: Lunge             |       |    11 |    18 ||    29
       Whirlwind         |       |     1 |     6 ||     7
 Abil: Wall Jump         |       |       |     1 ||     1
Evoke: Wand              |       |       |     4 ||     4
  Use: Scroll            |     5 |     2 |    11 ||    18
       Potion            |     4 |     5 |     3 ||    12
 Stab: Sleeping          |    13 |     8 |     6 ||    27
  Eat: Chunk             |     2 |     8 |     3 ||    13
       Ration            |       |     1 |     2 ||     3
Armor: Robe              |    29 |    22 |    29 ||    80
       Ring mail         |       |       |    22 ||    22
Dodge: Dodged            |    68 |    63 |   101 ||   232
